 Dungeon Crawl Stone Soup version 0.30.1-11-g7821555f0a (webtiles) character file.

Game seed: 14489456574763701023

74 Groucho the Magician (level 4, 0/31 HPs)
             Began as a Djinni Fire Elementalist on Jan 16, 2024.
             Slain by an orc
             ... wielding a +0 club
              (4 damage)
             ... on level 4 of the Dungeon.
             The game lasted 00:05:42 (3490 turns).

Groucho the Magician (Djinni Fire Elementalist)     Turns: 3490, Time: 00:05:42

Health: 0/31       AC:  3    Str:  7    XL:     4   Next: 52%
Gold:   143        EV: 12    Int: 18    God:
                   SH:  0    Dex: 14

rFire   + + .        l - +2 short sword (freeze)
rCold   x . .        (no shield)
rNeg    . . .        a - +0 robe
rPois   ∞            (no helmet)
rElec   .            (no cloak)
rCorr   .            r - +0 pair of gloves
SInv    .            (boots unavailable)
Will    .....        (no amulet)
Stlth   ++           (no ring)
HPRegen 0.25/turn    (no ring)
MPRegen 0.00/turn

%: infuse magic (-1 HP)
@: flying
A: sickness immunity, fire resistance 2, cold vulnerability 1, float, innate
caster, HP casting, extra vitality 1
a: no special abilities


You were on level 4 of the Dungeon.
You visited 1 branch of the dungeon, and saw 4 of its levels.

You collected 227 gold pieces.
You spent 84 gold pieces at shops.

Inventory:

Hand Weapons
 l - a +2 short sword of freezing (weapon)
 n - a +0 sling
Armour
 a - a +0 robe (worn)
 r - a +0 pair of gloves (worn)
Magical Staves
 s - a staff of poison
Jewellery
 i - an amulet of the acrobat
Scrolls
 c - 2 scrolls of teleportation {unknown}
 d - a scroll of poison {unknown}
 e - 2 scrolls of enchant weapon {unknown}
 f - a scroll of enchant armour {unknown}
 h - a scroll of amnesia {unknown}
 k - 3 scrolls of identify {unknown}
 m - a scroll of vulnerability {unknown}
 p - a scroll of noise {unknown}
 q - a scroll of acquirement {unknown}
 u - a scroll of torment {unknown}
 v - 2 scrolls of butterflies {unknown}
Potions
 b - a potion of invisibility {unknown}
 g - a potion of resistance {unknown}
 j - a potion of haste {unknown}
 o - a potion of magic {unknown}
 w - a potion of might


   Skills:
 - Level 2.1 Dodging
 - Level 1.5 Stealth
 + Level 3.9 Spellcasting


You knew the following spells:

 Your Spells              Type           Power      Damage    Failure   Level
a - Foxfire               Conj/Fire      68%        2x1d7     3%          1
b - Scorch                Fire           34%        2d6       4%          2
c - Volatile Blastmotes   Fire/Tloc      34%        2d12      9%          3
d - Inner Flame           Hex/Fire       17%        N/A       9%          3
e - Flame Wave            Conj/Fire      17%        2d7       30%         4
f - Freeze                Ice            68%        1d8       3%          1
Your spell library was empty.

Dungeon Overview and Level Annotations

Branches:
Dungeon (4/15)
 Temple: D:4-7

Altars:

Shops:
D:4 !

Annotations:
D:3 3 runed translucent doors, Valeaz's ghost, amateur GnAE


Innate Abilities, Weirdness & Mutations

You are immune to sickness and miasma.
You are immune to poison.
Your flesh is very heat resistant. (rF++)
You are vulnerable to cold. (rC-)
You float through the air rather than walking.
You learn spells naturally, not from books.
Your magical power is your life essence.
You have superior vitality. (+4 MHP)


Message History

The foxfire hits the adder but does no damage.
The adder is almost dead.
The foxfire hits something.
The adder bites you. x2
* * * LOW HITPOINT WARNING * * *
The orc barely misses you. Something hits you but does no damage.
You feel better. The adder misses you. The adder bites you.
The adder closely misses you. The orc hits you with a +0 club.
Something hits you. The adder closely misses you.
Unknown command.
Unknown command.
Okay, then.
Okay, then.
Sorry, you're not good enough to have a special ability.
Sorry, you're not good enough to have a special ability.
Unknown command.
Casting: Foxfire (safe; 3% risk of failure)
Confirm with . or Enter, or press ? or * to list all spells.
You conjure some foxfire!
* * * LOW HITPOINT WARNING * * *
The adder bites you.
* * * LOW HITPOINT WARNING * * *
The adder barely misses you. The orc barely misses you. Something hits you.
* * * LOW HITPOINT WARNING * * *
Unknown command.
Unknown command.
Unknown command.
Something hits you but does no damage.
The foxfire hits something. x2
The adder barely misses you. The adder bites you.
* * * LOW HITPOINT WARNING * * *
Things that are here:
a +0 short sword; an orc corpse Unknown command.
Casting: Foxfire (safe; 3% risk of failure)
Press: ? - help, Q - select action, (/) - cycle Dir - look around, f - activate You conjure some foxfire!
* * * LOW HITPOINT WARNING * * *
The adder misses you. The adder barely misses you. The adder bites you.
* * * LOW HITPOINT WARNING * * *
The orc hits you with a +0 club.
You die...

######
########################!.....
.##...........................
....###.........vv.###........
..### #.#......§@S.###........
...# ##.#......{oS............
##.###..#..........###........
##.##..##..........# #........
..........................$...
.#......#...>.......###.......
#####.#.#...........# #.....#
....#.#.##...#...#... ##...#
......#...........##.## ..##


You could see 2 adders and an orc.

Vanquished Creatures
  An adder (D:2)
  3 worms
  2 orcs
  6 ball pythons
  7 bats
  6 endoplasms
  A giant cockroach (D:1)
  5 hobgoblins
  4 jackals (D:4)
  2 quokkas
  4 frilled lizards
  2 goblins
  5 kobolds
  4 rats
52 creatures vanquished.

Vanquished Creatures (others)
  216 foxfires
216 creatures vanquished.

Grand Total: 268 creatures vanquished

Notes
Turn   | Place    | Note
-------+----------+-------------------------------------------
     0 | D:1      | Groucho the Djinni Fire Elementalist began the quest for
                  | the Orb.
     0 | D:1      | Groucho set off with the following spells memorised:
                  | Foxfire, Scorch, Volatile Blastmotes, Inner Flame, Flame
                  | Wave.
     0 | D:1      | Reached XP level 1. HP: 15/15 MP: 0/0
   250 | D:1      | Reached XP level 2. HP: 19/21 MP: 0/0
   500 | D:1      | Reached skill level 3 in Spellcasting
  1134 | D:2      | Reached XP level 3. HP: 15/25 MP: 0/0
  1134 | D:2      | Learned a level 1 spell: Freeze
  2850 | D:3      | Reached XP level 4. HP: 31/31 MP: 0/0
  3153 | D:3      | Found a runed translucent gate.
  3153 | D:3      | Found a runed translucent gate.
  3153 | D:3      | Found a runed translucent gate.
  3208 | D:3      | Noticed Valeaz's ghost (amateur GnAE)
  3243 | D:4      | Found Rilumoydi's Distillery.
  3319 | D:4      | Bought a potion of might for 48 gold pieces
  3319 | D:4      | Bought a potion of curing for 36 gold pieces
  3490 | D:4      | Slain by an orc

Illustrated notes

Levels and vault maps discovered:
D:1:      matt_arrival_refuge, layout_basic, serial_bayou_pond_d,
          minmay_tetromino_l2
D:2:      layout_loops_ring
D:3:      layout_rooms, gammafunk_ghost_necromancy,
          chequers_serial_rivers_micro_e, chequers_arboretum
D:4:      layout_rooms, serial_shops, shop_fountains, uniq_menkaure

Skill      XL: |  1  2 |
---------------+-------+-----
Spellcasting   | 3 |  3.9
Dodging        | |  2.1
Stealth        | |  1.5

Action                     |  1- 3 |  4- 6 || total
---------------------------+-------+-------++-------
  Melee: Unarmed           |    20 |       ||    20
         Short sword       |     9 |    31 ||    40
   Fire: Sling             |     4 |       ||     4
   Cast: Foxfire           |    94 |    32 ||   126
    Use: Potion            |       |     2 ||     2
   Stab: Sleeping          |     1 |       ||     1
 Armour: Robe              |    16 |    16 ||    32
  Dodge: Dodged            |    43 |    38 ||    81
